 Dungeon Crawl Stone Soup version 0.25.1-2-g60ff931df9 (webtiles) character file.

Game seed: 396550106364946989

96 protoss039 the Magician (level 4, -2/24 HPs)
             Began as a Deep Elf Earth Elementalist on Aug 9, 2020.
             Shot with a stone by a goblin (3 damage)
             ... on level 3 of the Dungeon.
             The game lasted 00:04:18 (2959 turns).

protoss039 the Magician (DEEE)                      Turns: 2959, Time: 00:04:19

Health: -2/24      AC:  2    Str:  5    XL:     4   Next: 41%
Magic:  3/12       EV: 13    Int: 21    God:
Gold:   92         SH:  0    Dex: 15    Spells: 6/12 levels left

rFire    . . .     SeeInvis .   a - +0 mace (curse)
rCold    . . .     Gourm    .   (no shield)
rNeg     . . .     Faith    .   c - +0 robe
rPois    .         Spirit   .   (no helmet)
rElec    .         Reflect  .   (no cloak)
rCorr    .         Harm     .   (no gloves)
MR       .....                  (no boots)
Stlth    ++........             (no amulet)
HPRegen  0.08/turn              (no ring)
MPRegen  0.13/turn              (no ring)

@: no status effects
A: no striking features
a: no special abilities


You were on level 3 of the Dungeon.
You were not hungry.

You visited 1 branch of the dungeon, and saw 3 of its levels.

You collected 92 gold pieces.

Inventory:

Hand Weapons
 a - a cursed +0 mace (weapon)
 f - a +0 dagger
Missiles
 p - 17 stones (quivered)
Armour
 c - a +0 robe (worn)
Scrolls
 b - a scroll of enchant armour
 e - a scroll of teleportation
 l - a scroll of immolation
 o - a scroll of magic mapping {unknown}
Potions
 g - a potion of curing {unknown}
 h - a potion of haste
 i - a potion of ambrosia {unknown}
 k - a potion of degeneration {unknown}
 m - a potion of might {unknown}
 n - 2 potions of magic {unknown}
Comestibles
 d - 5 rations
 j - a chunk of flesh


   Skills:
 - Level 3.0 Dodging
 - Level 3.0 Stealth
 + Level 4.5 Spellcasting
 * Level 0.6 Conjurations
 - Level 1.1 Transmutations
 + Level 4.4 Earth Magic


You had 6 spell levels left.
You knew the following spells:

 Your Spells              Type           Power        Failure   Level  Hunger
a - Sandblast             Erth           ###...       1%          1    None
b - Passwall              Tmut/Erth      ###.....     5%          2    #......
c - Stone Arrow           Conj/Erth      ###...       12%         3    ##.....

Your spell library contained the following spells:

 Spells                   Type           Power        Failure   Level  Hunger
 Petrify                  Tmut/Erth      ###.....     36%         4    ####...
 Lee's Rapid Deconstruct  Erth           ###.......   45%         5    ######.


Dungeon Overview and Level Annotations

Branches:
Dungeon (3/15)

Altars:


Message History

The goblin is too close now for your liking.
Unknown command.
Casting: Stone Arrow (quite dangerous; 12% risk of failure)
Confirm with . or Enter, or press ? or * to list all spells.
Aiming: Sandblast (safe; 1% risk of failure)
Press: ? - help, Shift-Dir - straight line, f - goblin
Aim: a goblin, wielding a +0 hunting sling and quivering 28 stones The blast of sand misses the goblin.
p - 18 stones The goblin shoots a stone.
The stone hits you.
* * * LOW HITPOINT WARNING * * *
Casting: Sandblast (safe; 1% risk of failure)
Confirm with . or Enter, or press ? or * to list all spells.
Aiming: Sandblast (safe; 1% risk of failure)
Press: ? - help, Shift-Dir - straight line, f/p - goblin
Aim: a goblin, wielding a +0 hunting sling and quivering 27 stones The blast of sand misses the goblin.
p - 17 stones The goblin shoots a stone.
The stone hits you.
You die...

#####...........#.
#<.......÷........
.
######....÷.....#
.. #..........#
.g.
#.......>..#...
#.........g...
#.........###
#.........#
#........@#
#.........#
###########


You could see a goblin.

Vanquished Creatures
  2 gnolls (D:2)
  3 adders
  2 worms (D:2)
  2 dart slugs (D:1)
  A leopard gecko (D:2)
  6 bats
  A giant cockroach (D:2)
  5 goblins
  4 hobgoblins
  2 quokkas (D:2)
  A ball python (D:2)
  4 frilled lizards
  2 kobolds
  5 rats
40 creatures vanquished.

Notes
Turn   | Place    | Note
-------+----------+-------------------------------------------
     0 | D:1      | protoss039 the Deep Elf Earth Elementalist began the quest
                  | for the Orb.
     0 | D:1      | Reached XP level 1. HP: 10/10 MP: 6/6
   746 | D:1      | Reached XP level 2. HP: 14/15 MP: 6/8
  1475 | D:2      | Reached XP level 3. HP: 19/19 MP: 6/10
  2577 | D:2      | Learned a level 2 spell: Passwall
  2581 | D:2      | Learned a level 3 spell: Stone Arrow
  2654 | D:2      | Reached XP level 4. HP: 24/24 MP: 4/12
  2958 | D:3      | HP: 1/24 [goblin/stone (6)]
  2959 | D:3      | Shot with a stone by a goblin

Illustrated notes

Levels and vault maps discovered:
D:1:      minmay_arrival_three_doors, layout_loops_ring, minmay_small_reverse_x
D:2:      layout_rooms, first_ration, serial_corexii_hall,
          corexii_hall_statues_s, chequers_hall_statues_wall_a
D:3:      minmay_inner_zag, layout_basic

Skill      XL: |  1  2  3 |
---------------+----------+-----
Dodging        | 3 |  3.0
Stealth        | 3 |  3.0
Earth Magic    | 4 |  4.4
Spellcasting   | 4 |  4.5
Conjurations   | |  0.6
Transmutations | |  1.1

Action                   |  1- 3 |  4- 6 || total
-------------------------+-------+-------++-------
Melee: Mace              |    61 |    10 ||    71
 Cast: Sandblast         |    31 |     2 ||    33
       Stone Arrow       |     1 |     6 ||     7
  Use: Scroll            |     2 |     2 ||     4
 Stab: Sleeping          |     8 |     1 ||     9
  Eat: Chunk             |     5 |     2 ||     7
Armor: Robe              |    11 |     6 ||    17
Dodge: Dodged            |    60 |    22 ||    82
